Map: Ruins of Seras

Players

LiquidBunny (Bunny)

  • Race: Terran Terran
  • League: Grandmaster

TYTY (TY) - Winner!

  • Race: Terran Terran
  • League: Diamond

Event: DreamHack ROCCAT LotV Championship

VOD

https://youtu.be/LDIoxL0JsRo

Description

Time

  • Played on: Nov. 26, 2015, 11:24 a.m.
  • Length: 14:24

All games in this series

Show
View Real Time Build Order
Export as new Build Order

LiquidBunny Terran 

Build Orders: Bio Tank 

Get SALT Encoding   

  12  0:00  SCV  
  13  0:12  SCV  
  14  0:18  Supply Depot  
  14  0:25  SCV  
  15  0:39  SCV  
  15  0:41  Barracks  
  16  0:44  Refinery  
  16  0:51  SCV  
  17  1:04  SCV  
  18  1:16  SCV  
  19  1:28  Orbital Command  
  19  1:29  Barracks Reactor  
  19  1:41  Command Center  
  19  1:48  Refinery  
  19  1:53  SCV  
  20  1:59  Supply Depot  
  20  2:06  SCV, Reaper  
  20  2:08  Reaper  
  23  2:20  SCV  
  24  2:26  Bunker  
  24  2:29  Factory  
  24  2:32  SCV  
  25  2:38  Marine  
  25  2:39  Marine  
  27  2:45  SCV  
  29  2:59  Orbital Command  
  29  3:02  SCV  
  29  3:06  Marine x2  
  31  3:13  Factory Tech Lab  
  31  3:14  SCV, Starport  
  32  3:25  SCV  
  32  3:26  SCV  
  34  3:28  Supply Depot  
  34  3:35  Widow Mine  
  34  3:38  SCV x2, Marine  
  34  3:39  Marine  
  40  3:44  Supply Depot  
  40  3:50  SCV x2, Medivac  
  43  3:56  Marine  
  43  3:57  Marine  
  43  4:02  SCV  
  46  4:04  Cyclone  
  46  4:05  SCV  
  50  4:14  SCV, Marine x2  
  50  4:16  Supply Depot  
  54  4:17  SCV  
  54  4:21  Viking  
  56  4:26  SCV  
  56  4:29  SCV  
  58  4:36  Marine x2  
  58  4:38  SCV  
  61  4:40  Cyclone  
  61  4:42  Supply Depot  
  65  4:52  Refinery  
  65  4:54  Marine x2  
  65  4:58  Command Center, SCV  
  67  5:02  SCV  
  65  5:10  SCV  
  64  5:14  SCV  
  64  5:15  Siege Tank  
  64  5:20  Refinery  
  68  5:22  SCV  
  68  5:26  Marine x2  
  70  5:28  Barracks x2  
  70  5:31  SCV  
  71  5:36  Starport Reactor  
  71  5:37  SCV  
  72  5:43  Supply Depot, SCV  
  72  5:44  Engineering Bay x2  
  72  5:49  SCV  
  73  5:51  Marine x2  
  73  5:55  SCV  
  77  5:57  Siege Tank  
  77  6:01  SCV  
  78  6:06  Supply Depot  
  78  6:07  SCV  
  78  6:10  Supply Depot  
  78  6:11  Terran Infantry Weapons Level 1, Terran Infantry Armor Level 1  
  79  6:13  Orbital Command  
  79  6:17  Barracks Tech Lab x2  
  79  6:19  Marine  
  80  6:29  Marine  
  80  6:30  Barracks x2  
  80  6:32  Orbital Command  
  81  6:34  SCV, Marine  
  81  6:36  Marine  
  81  6:37  Marine  
  85  6:42  Siege Tank  
  85  6:43  SCV  
  85  6:46  Combat Shields  
  85  6:47  Stimpack, Marine  
  89  6:50  SCV  
  89  6:52  Marine  
  89  6:54  Marine, Medivac  
  94  6:55  SCV, Marine  
  94  6:57  Medivac  
  99  7:02  SCV  
  99  7:03  SCV  
  99  7:04  Marine  
  99  7:07  SCV  
  103  7:10  Marine  
  103  7:13  Armory  
  103  7:14  SCV  
  106  7:15  SCV  
  106  7:18  Refinery x2  
  106  7:20  SCV  
  106  7:22  Supply Depot  
  107  7:25  Barracks Reactor  
  107  7:26  SCV  
  107  7:27  SCV  
  107  7:28  Factory  
  109  7:32  SCV  
  109  7:35  Factory  
  110  7:38  SCV, Marine  
  110  7:40  SCV  
  110  7:42  Siege Tank  
  110  7:44  SCV  
  117  7:45  Marine x2  
  117  7:50  SCV, Marine  
  117  7:51  Supply Depot, Marine  
  121  7:52  SCV  
  121  7:53  Supply Depot  
  121  7:56  SCV  
  121  7:57  Marine  
  124  8:02  SCV, Marine  
  125  8:09  Supply Depot, Terran Infantry Armor Level 2  
  125  8:10  Terran Infantry Weapons Level 2  
  125  8:12  Marine x5  
  130  8:13  Terran Vehicle Weapons Level 1  
  130  8:14  Siege Tank  
  130  8:15  Marine  
  130  8:19  Factory Tech Lab x2  
  134  8:20  Marine  
  134  8:24  Supply Depot  
  134  8:25  Supply Depot  
  135  8:30  Marine x3  
  135  8:32  Marine  
  135  8:33  Marine x2  
  141  8:34  Command Center  
  141  8:38  Marine  
  142  8:44  Siege Tank x2  
  142  8:48  Marine x3  
  150  8:50  Marine x2  
  150  8:51  Marine  
  151  8:56  Marine  
  149  9:05  Siege Tank, Marine x3  
  149  9:06  Medivac  
  149  9:07  Medivac  
  149  9:08  Marine x3  
  162  9:14  Marine  
  162  9:16  Siege Tank  
  166  9:17  Siege Tank  
  166  9:19  Supply Depot  
  166  9:23  Marine x3  
  171  9:26  Marine x3  
  174  9:31  Marine  
  174  9:36  Medivac  
  174  9:37  Medivac  
  170  9:41  Marine x3  
  170  9:44  Marine x3  
  172  9:49  Marine  
  172  9:59  Marine x3  
  171  10:02  Marine x3  
  171  10:06  Medivac  
  171  10:07  Marine  
  171  10:08  Medivac  
  171  10:17  Marine x3  
  171  10:19  Marine x2  
  171  10:20  Marine  
  177  10:24  Missile Turret  
  177  10:25  Marine  
  177  10:26  Missile Turret  
  178  10:34  Marine x3  
  169  10:36  Medivac  
  169  10:37  Marine x2  
  169  10:38  Marine  
  169  10:39  Siege Tank  
  169  10:41  Medivac  
  171  10:43  Marine  
  171  10:46  Siege Tank  
  171  10:47  Siege Tank  
  178  10:50  Planetary Fortress  
  178  10:52  Marine x3  
  178  10:55  Marine x3  
  184  11:00  Marine  
  182  11:06  Medivac  
  182  11:10  Marine x3  
  189  11:11  Siege Tank  
  189  11:13  Marine  
  189  11:16  Marine x2  
  192  11:19  Siege Tank  
  192  11:22  Marine  
  168  11:28  Marine x2  
  168  11:29  Marine  
  168  11:31  Marine  
  145  11:34  Marine  
  143  11:40  Marine  
  143  11:44  Engineering Bay  
  143  11:45  Engineering Bay  
  143  11:46  Armory, Marine x3  
  145  11:49  Marine  
  145  11:51  Marine  
  132  11:58  Marine  
  131  12:01  Siege Tank  
  131  12:04  Viking x2, Marine x2  
  131  12:07  Marine  
  140  12:09  Marine  
  140  12:11  Siege Tank x2  
  144  12:16  Marine  
  144  12:21  Marine  
  144  12:22  Marine  
  147  12:24  Marine  
  147  12:27  Marine  
  147  12:29  Barracks  
  149  12:30  Barracks  
  149  12:34  Marine  
  150  12:39  Marine  
  150  12:40  Marine  
  150  12:42  Marine  
  150  12:43  Siege Tank x2  
  159  12:45  Marine  
  160  12:52  Marine  
  160  12:57  Marine  
  160  12:58  Marine  
  163  13:00  Marine  
  163  13:03  Marine  
  143  13:09  Marine  
  141  13:13  Siege Tank  
  141  13:15  Marine x2  
  141  13:18  Marine  
  141  13:20  Marine  
  127  13:27  Marine  
  127  13:33  Marine x2  
  113  13:36  Marine  
  113  13:38  Marine  
  113  13:45  Marine  
  113  13:46  Siege Tank  
  117  13:50  Marine  
  117  13:51  Orbital Command, Marine  
  117  13:53  Marine  
  120  13:56  Marine  
Show
View Real Time Build Order
Export as new Build Order

TYTY Terran - Winner!

Build Orders: Bio Tank 

Get SALT Encoding   

  12  0:01  SCV  
  13  0:13  SCV  
  14  0:19  Supply Depot  
  14  0:25  SCV  
  15  0:41  SCV  
  16  0:44  Barracks  
  16  0:53  SCV  
  17  1:05  SCV  
  18  1:19  Command Center  
  18  1:31  Marine, Orbital Command  
  19  1:38  Supply Depot  
  19  1:43  Refinery  
  19  1:49  Marine  
  19  1:52  Refinery  
  20  1:57  SCV  
  21  2:07  Marine  
  22  2:09  SCV  
  23  2:21  SCV  
  24  2:25  Marine  
  25  2:30  Factory  
  25  2:32  Orbital Command  
  25  2:35  SCV  
  26  2:44  Barracks Reactor  
  26  2:47  SCV  
  27  2:58  SCV  
  27  2:59  SCV  
  28  3:10  SCV  
  28  3:11  SCV  
  30  3:16  Factory Tech Lab, Starport  
  30  3:20  Marine x2  
  30  3:22  SCV  
  30  3:23  SCV  
  34  3:34  SCV  
  34  3:35  SCV  
  34  3:40  Command Center  
  39  3:42  Cyclone  
  39  3:45  Marine  
  39  3:48  SCV  
  42  3:49  SCV  
  41  3:59  Supply Depot  
  41  4:00  SCV, Marine  
  41  4:02  SCV  
  44  4:03  Marine  
  45  4:12  SCV  
  46  4:21  Factory Tech Lab, SCV, Raven, Marine x2  
  51  4:24  SCV  
  51  4:27  Supply Depot  
  51  4:29  Refinery x2  
  52  4:33  SCV  
  52  4:36  SCV  
  54  4:49  SCV x2, Siege Tank, Marine x2  
  54  4:52  Orbital Command  
  61  4:57  Supply Depot  
  61  5:01  SCV  
  61  5:03  SCV  
  60  5:13  SCV  
  59  5:15  SCV  
  59  5:21  Siege Tank  
  63  5:24  SCV  
  63  5:25  SCV  
  63  5:27  SCV  
  66  5:31  Marine  
  66  5:32  Barracks  
  66  5:33  Stimpack  
  66  5:34  Starport Reactor  
  67  5:36  SCV  
  67  5:37  SCV, Barracks  
  67  5:39  SCV  
  70  5:43  Engineering Bay x2  
  70  5:48  SCV  
  70  5:49  Marine  
  72  5:53  Siege Tank  
  72  5:56  SCV x2  
  77  6:00  SCV  
  78  6:06  Marine  
  78  6:08  SCV x2  
  78  6:10  Barracks x2, Orbital Command  
  81  6:11  Terran Infantry Weapons Level 1, Terran Infantry Armor Level 1  
  81  6:20  SCV x2  
  81  6:23  Marine, Starport Reactor  
  81  6:24  Marine  
  85  6:28  Supply Depot  
  85  6:32  Supply Depot  
  85  6:37  Supply Depot  
  85  6:49  SCV x2, Siege Tank, Marine x3  
  85  6:50  Supply Depot  
  85  6:54  SCV, Marine x2  
  93  7:02  SCV x2, Medivac x2  
  93  7:03  Barracks Reactor  
  93  7:06  SCV  
  93  7:07  Supply Depot, Marine  
  93  7:08  Barracks Reactor, Factory  
  101  7:10  Refinery  
  101  7:11  Refinery  
  101  7:13  Sensor Tower  
  101  7:14  SCV x2, Marine x3  
  101  7:15  Marine  
  107  7:23  SCV  
  107  7:24  Siege Tank  
  107  7:25  Marine  
  107  7:26  SCV  
  107  7:29  Supply Depot x2  
  113  7:31  Marine  
  113  7:32  Marine x2  
  113  7:33  Combat Shields  
  115  7:41  Medivac x2  
  115  7:42  Marine x3  
  121  7:47  SCV x2  
  121  7:48  Armory  
  124  7:52  Factory Tech Lab  
  124  7:56  Siege Tank  
  126  7:58  Missile Turret  
  126  8:00  Marine  
  126  8:02  Supply Depot x3  
  126  8:03  Missile Turret  
  127  8:08  Marine x6  
  127  8:09  Marine  
  127  8:10  Siege Tank  
  137  8:13  Medivac  
  137  8:16  Medivac  
  141  8:21  Barracks  
  141  8:22  Barracks  
  141  8:23  Supply Depot  
  141  8:24  Supply Depot, Marine  
  142  8:28  Marine x7  
  148  8:36  Terran Infantry Weapons Level 2, Terran Infantry Armor Level 2  
  148  8:41  Siege Tank  
  151  8:42  Marine x2  
  151  8:45  Marine  
  154  8:54  Marine  
  151  9:04  Missile Turret  
  151  9:05  SCV x2  
  151  9:06  Siege Tank  
  153  9:11  Medivac  
  153  9:13  Siege Tank, Marine x4  
  153  9:17  Marine x4  
  159  9:19  Barracks Reactor x2, Marine  
  159  9:22  Terran Vehicle Weapons Level 1  
  164  9:31  Marine x4  
  167  9:38  Siege Tank  
  167  9:43  Marine x4  
  167  9:44  SCV x2  
  167  9:45  Siege Tank  
  172  9:52  Marine x3  
  172  9:53  Marine x2  
  177  10:01  Marine  
  173  10:07  Marine x2  
  173  10:08  Command Center, Marine x4  
  173  10:10  Siege Tank  
  175  10:17  Siege Tank  
  175  10:20  Marine x3  
  181  10:25  Supply Depot  
  181  10:31  Marine x2  
  162  10:37  Marine x4  
  162  10:46  Siege Tank  
  162  10:47  Marine x2, Medivac x2  
  162  10:48  Marine x2  
  162  10:49  Siege Tank  
  176  10:50  Marine x2  
  176  10:55  Marine x4  
  182  11:04  Marine x3  
  184  11:05  Marine x4  
  189  11:19  Marine  
  189  11:23  Siege Tank x2  
  188  11:31  Marine x4  
  168  11:39  Marine x4  
  170  11:40  Marine x4  
  170  11:43  Terran Infantry Weapons Level 3  
  170  11:45  Planetary Fortress  
  176  11:47  Terran Infantry Armor Level 3  
  169  11:55  Siege Tank  
  169  11:59  Siege Tank  
  168  12:02  Medivac x2  
  168  12:07  Marine x4  
  175  12:10  Marine x4  
  175  12:11  Marine x4  
  175  12:13  Marine  
  180  12:25  Marine x4  
  180  12:28  Marine x4  
  180  12:29  Siege Tank, Marine x4  
  195  12:31  Siege Tank, Marine  
  199  12:42  Marine  
  200  12:57  Marine x2  
  200  13:04  Siege Tank  
  198  13:06  Marine x3  
  194  13:15  Marine x2  
  194  13:16  Marine x6  
  194  13:18  Siege Tank  
  197  13:22  Medivac  
  197  13:26  Marine x2  
  197  13:27  Marine x3  
  184  13:33  Marine x5  
  173  13:34  Marine x3  
  173  13:36  Siege Tank  
  173  13:37  Medivac  
  179  13:44  Marine x4  
  179  13:45  Marine  
  180  13:50  Siege Tank  
  180  13:51  Marine x5  
  180  13:52  Medivac  
  180  13:54  Marine x3  
  193  14:02  Marine x5  

Tags
 
Add a new tag
Caveats
  • Supply blocks, unpowered buildings, or Contaminate may cause inaccurate times.
  • Supply counts are checked every 10 seconds.